Little Stars vs Diables
Created - March 26, 2020 at 19:01
Goals
|
| Little Stars |
2 |
0 |
1 |
3 |
| Diables |
0 |
0 |
1 |
1 |
|
Shots
|
| Little Stars |
16 |
8 |
18 |
42 |
| Diables |
4 |
14 |
7 |
25 |
|
1st period
1. Little Stars , Dana Tyrell 31 (Scott Kosmachuck 27) at 11:17
2. Little Stars , Tyler Wotherspoon 7 (Scott Kosmachuck 28, Dana Tyrell 34) at 19:47 (PP)
Penalties :
Sebastian Wannstrom (Tex) for Interference (Minor) at 7:53, Eric Knodel (Tex) for Slashing (Minor) at 12:33, Mikko Lehtonen (Alm) for Hooking (Minor) at 14:53, Carl Gunnarsson (Alm) for Tripping (Minor) at 19:27
2nd period
No Goal
Penalties :
Marc-André Bourdon (Alm) for Slashing (Minor) at 4:30, Eric Knodel (Tex) for Cross-checking (Minor) at 9:18, Brock McGinn (Alm) for Holding (Minor) at 17:34
3rd period
3. Little Stars , Evgeny Kuznetsov 28 (Adam Tambellini 21, Jesse Joensuu 53) at 1:52
4. Diables , Mikko Lehtonen 19 (Eric Gustafsson 17) at 15:29 (SH)
Penalties :
Marc-André Bourdon (Alm) for Cross-checking (Minor) at 3:39, Max Domi (Alm) for Hooking (Minor) at 8:16, Alex Tuch (Alm) for High sticking (Minor) at 15:01
Goalie Stats
Matt Murray (Tex), 24 saves from 25 shots - (0.960), W, 29-16-5, 60:00 minutes
Mark Visentin (Alm), 39 saves from 42 shots - (0.929), L, 3-3-0, 60:00 minutes
Players Stats for Little Stars
Player Name G A P +/- PIM S H SB GA TA FO MP PP MP PK MP
------------------------------------------------------------------------------------
Adam Tambellini 0 1 1 1 0 3 3 1 0 0 0/0 14:57 5:15 0:00
Anton Cederholm 0 0 0 0 0 2 0 2 0 1 0/0 22:31 5:14 2:26
Dana Tyrell 1 1 2 0 0 3 0 2 0 1 19/34 22:31 6:50 2:56
Daniel O'regan 0 0 0 0 0 3 2 0 0 0 2/6 12:20 0:15 0:29
Daniil Tarasov 0 0 0 0 0 3 1 0 1 0 0/0 7:29 0:00 0:00
Eric Knodel 0 0 0 0 4 1 3 1 0 0 0/0 21:07 5:14 0:52
Evgeny Kuznetsov 1 0 1 1 0 4 1 1 0 0 5/10 17:53 5:15 2:56
Jason Dickinson 0 0 0 0 0 1 1 0 0 0 1/5 7:29 0:00 0:00
Jesse Joensuu 0 1 1 0 0 6 2 0 1 1 3/3 21:35 6:49 1:50
Michael Mersch 0 0 0 0 0 1 1 0 1 0 0/0 13:11 0:12 1:11
Patrick Wiercioch 0 0 0 1 0 4 0 4 0 2 0/0 27:11 7:00 3:23
Reece Willcox 0 0 0 0 0 1 0 1 0 0 0/0 10:31 0:00 0:21
Scott Kosmachuck 0 2 2 0 0 2 1 0 0 0 1/1 21:31 6:51 1:50
Sebastian Wannstrom 0 0 0 0 2 2 1 0 0 0 0/0 12:28 0:00 0:42
Shane Gersich 0 0 0 0 0 2 0 0 0 0 0/0 7:29 0:00 0:00
Tucker Poolman 0 0 0 0 0 0 0 1 0 0 0/0 11:39 0:00 1:29
Tyler Wotherspoon 1 0 1 1 0 2 1 0 1 1 0/0 27:11 7:00 3:23
Zach Budish 0 0 0 1 0 2 0 2 1 0 0/0 14:57 5:15 0:00
Players Stats for Diables
Player Name G A P +/- PIM S H SB GA TA FO MP PP MP PK MP
------------------------------------------------------------------------------------
Alex Tuch 0 0 0 -1 2 0 0 0 0 1 1/1 13:45 3:15 0:00
Brandon Prust 0 0 0 0 0 3 1 0 0 1 0/1 13:15 0:00 4:53
Brett Lernout 0 0 0 0 0 0 0 2 0 0 0/0 6:26 0:00 2:17
Brock McGinn 0 0 0 -1 2 5 4 1 2 0 2/5 18:56 3:15 0:55
C.J Suess 0 0 0 0 0 1 0 0 0 0 0/0 7:34 0:00 0:00
Carl Gunnarsson 0 0 0 0 2 1 0 1 0 0 0/0 26:40 3:09 6:41
Chris Bigras 0 0 0 -1 0 0 0 0 0 0 0/0 8:36 0:00 0:00
Daniel Zaar 0 0 0 0 0 2 0 0 0 1 0/0 8:14 0:00 0:00
Darroll Powe 0 0 0 -1 0 0 2 0 2 0 8/17 17:58 0:00 3:05
Eric Gustafsson 0 1 1 1 0 0 0 2 0 0 0/0 11:59 0:00 7:01
Frederik Gauthier 0 0 0 0 0 2 1 0 0 1 7/19 20:39 2:42 7:01
Marc-André Bourdon 0 0 0 -1 4 1 2 0 0 0 0/0 15:24 2:48 3:10
Mark Jankowski 0 0 0 0 0 0 0 0 0 0 6/9 10:04 0:00 2:08
Max Domi 0 0 0 -1 2 1 0 0 0 0 1/1 14:12 2:42 0:27
Mike Zigomanis 0 0 0 0 0 0 1 1 0 0 2/5 11:38 3:15 0:00
Mikko Lehtonen 1 0 1 1 2 3 1 0 1 0 0/0 13:42 0:00 5:59
Nikita Zadorov 0 0 0 0 0 0 0 0 0 0 0/0 20:48 2:48 5:13
Pavel Buchnevich 0 0 0 -1 0 3 2 0 1 0 1/1 17:30 2:42 0:00
Will Butcher 0 0 0 -1 0 3 0 0 0 1 0/0 18:37 3:09 0:00
Zac Leslie 0 0 0 0 0 0 0 0 0 0 0/0 11:42 0:00 0:06
3 Stars
1 - Dana Tyrell (Tex)
2 - Matt Murray (Tex)
3 - Evgeny Kuznetsov (Tex)
Power Play
Little Stars - 1 on 7 Attempt(s) - 14.29%
Diables - 0 on 3 Attempt(s) - 0.00%
Penalty Kill
Little Stars - 3 on 3 Attempt(s) - 100.00%
- Score 0 goal in Penalty Kill
Diables - 6 on 7 Attempt(s) - 85.71%
- Score 1 goal in Penalty Kill
Team Stat
Little Stars - Hits : 17 - Faceoff Wins : 31 - Blocked Shots : 15 - Penalty Minutes : 6
Diables - Hits : 14 - Faceoff Wins : 28 - Blocked Shots : 7 - Penalty Minutes : 14
Official
Referees : Unknown
Linesman : Unknown
Game Notes
No Game Note
Finance
Level 1 -- Attendance: 1256 (62.80%) -- Ticket Income $50,240
Level 2 -- Attendance: 701 (70.10%) -- Ticket Income $14,020
Total Attendance: 1957 (65.23%)
Total Ticket Income: $64,260
Other Income: $3,213
Total Income: $67,473
Little Stars
5 vs 5 Forward
Center Left Wing Right Wing Time % Phy DF OF
1 Dana Tyrell Jesse Joensuu Scott Kosmachuck 40 1 2 2
2 Evgeny Kuznetsov Adam Tambellini Zach Budish 30 1 2 2
3 Daniel O'regan Michael Mersch Sebastian Wannstrom 20 1 2 2
4 Jason Dickinson Shane Gersich Daniil Tarasov 10 1 2 2
5 vs 5 Defense
Defense Defense Time % Phy DF OF
1 Tyler Wotherspoon Patrick Wiercioch 40 1 2 2
2 Eric Knodel Anton Cederholm 30 1 2 2
3 Reece Willcox Tucker Poolman 20 1 2 2
4 Tyler Wotherspoon Patrick Wiercioch 10 1 2 2
PowerPlay Forward
Center Left Wing Right Wing Time % Phy DF OF
1 Dana Tyrell Jesse Joensuu Scott Kosmachuck 60 0 2 3
2 Evgeny Kuznetsov Adam Tambellini Zach Budish 40 0 2 3
PowerPlay Defense
Defense Defense Time % Phy DF OF
1 Tyler Wotherspoon Patrick Wiercioch 60 0 2 3
2 Eric Knodel Anton Cederholm 40 0 2 3
Penalty Kill 4 Players Forward
Center Wing Time % Phy DF OF
1 Dana Tyrell Evgeny Kuznetsov 60 0 3 2
2 Jesse Joensuu Scott Kosmachuck 40 0 3 2
Penalty Kill 4 Players Defense
Defense Defense Time % Phy DF OF
1 Tyler Wotherspoon Patrick Wiercioch 60 0 3 2
2 Eric Knodel Anton Cederholm 40 0 3 2
Penalty Kill - 3 Players Forward
Forward Time % Phy DF OF
1 Dana Tyrell 60 0 3 2
2 Evgeny Kuznetsov 40 0 3 2
Penalty Kill - 3 Players Defense
Defense Defense Time % Phy DF OF
1 Tyler Wotherspoon Patrick Wiercioch 60 0 3 2
2 Eric Knodel Anton Cederholm 40 0 3 2
4 vs 4 Forward
Center Wing Time % Phy DF OF
1 Dana Tyrell Evgeny Kuznetsov 60 1 2 2
2 Jesse Joensuu Scott Kosmachuck 40 1 2 2
4 vs 4 Defense
Defense Defense Time % Phy DF OF
1 Tyler Wotherspoon Patrick Wiercioch 60 1 2 2
2 Eric Knodel Anton Cederholm 40 1 2 2
Last Minutes Offensive
Center Left Wing Right Wing Defense Defense
Dana Tyrell Jesse Joensuu Scott Kosmachuck Tyler Wotherspoon Patrick Wiercioch
Last Minutes Defensive
Center Left Wing Right Wing Defense Defense
Dana Tyrell Jesse Joensuu Scott Kosmachuck Tyler Wotherspoon Patrick Wiercioch
Goaltenders
Starting : Matt Murray
Backup : Peter Delmas
Extra Forwards
Normal : Daniel O'regan, Michael Mersch, Sebastian Wannstrom - PP : Daniel O'regan, Michael Mersch - PK : Sebastian Wannstrom
Extra Defensemen
Normal : Reece Willcox, Tucker Poolman, Eric Knodel - PP : Reece Willcox - PK : Tucker Poolman, Eric Knodel
Penalty Shots
Dana Tyrell, Evgeny Kuznetsov, Jesse Joensuu, Scott Kosmachuck, Adam Tambellini
Scratches
Justin Auger (Healthy), Ville Pokka (Healthy), Emile Poirier (Healthy), Radel Fazleev (Healthy), Julien Nantel (Healthy)
Connor Knapp (Healthy), Spencer Martin (Healthy)
Diables
5 vs 5 Forward
Center Left Wing Right Wing Time % Phy DF OF
1 Darroll Powe Brock McGinn Pavel Buchnevich 40 1 2 2
2 Frederik Gauthier Max Domi Alex Tuch 30 1 2 2
3 Mike Zigomanis Brandon Prust Daniel Zaar 20 1 2 2
4 Mark Jankowski C.J Suess Mikko Lehtonen 10 1 2 2
5 vs 5 Defense
Defense Defense Time % Phy DF OF
1 Carl Gunnarsson Will Butcher 40 1 2 2
2 Zac Leslie Nikita Zadorov 30 1 2 2
3 Chris Bigras Marc-André Bourdon 20 1 2 2
4 Brett Lernout Eric Gustafsson 10 1 2 2
PowerPlay Forward
Center Left Wing Right Wing Time % Phy DF OF
1 Mike Zigomanis Brock McGinn Alex Tuch 60 1 2 2
2 Frederik Gauthier Max Domi Pavel Buchnevich 40 1 2 2
PowerPlay Defense
Defense Defense Time % Phy DF OF
1 Carl Gunnarsson Will Butcher 60 1 2 2
2 Nikita Zadorov Marc-André Bourdon 40 1 2 2
Penalty Kill 4 Players Forward
Center Wing Time % Phy DF OF
1 Frederik Gauthier Mikko Lehtonen 60 1 2 2
2 Darroll Powe Brandon Prust 40 1 2 2
Penalty Kill 4 Players Defense
Defense Defense Time % Phy DF OF
1 Carl Gunnarsson Eric Gustafsson 60 1 2 2
2 Nikita Zadorov Marc-André Bourdon 40 1 2 2
Penalty Kill - 3 Players Forward
Forward Time % Phy DF OF
1 Darroll Powe 60 1 2 2
2 Frederik Gauthier 40 1 2 2
Penalty Kill - 3 Players Defense
Defense Defense Time % Phy DF OF
1 Carl Gunnarsson Eric Gustafsson 60 1 2 2
2 Zac Leslie Nikita Zadorov 40 1 2 2
4 vs 4 Forward
Center Wing Time % Phy DF OF
1 Mike Zigomanis Pavel Buchnevich 60 1 2 2
2 Frederik Gauthier Brock McGinn 40 1 2 2
4 vs 4 Defense
Defense Defense Time % Phy DF OF
1 Will Butcher Eric Gustafsson 60 1 2 2
2 Zac Leslie Marc-André Bourdon 40 1 2 2
Last Minutes Offensive
Center Left Wing Right Wing Defense Defense
Darroll Powe Max Domi Pavel Buchnevich Carl Gunnarsson Will Butcher
Last Minutes Defensive
Center Left Wing Right Wing Defense Defense
Frederik Gauthier Brock McGinn Mikko Lehtonen Carl Gunnarsson Eric Gustafsson
Goaltenders
Starting : Mark Visentin
Backup : Alex Nedeljkovic
Extra Forwards
Normal : Max Domi, Mark Jankowski, Frederik Gauthier - PP : Max Domi, Mark Jankowski - PK : Frederik Gauthier
Extra Defensemen
Normal : Nikita Zadorov, Brett Lernout, Will Butcher - PP : Chris Bigras - PK : Brett Lernout, Zac Leslie
Penalty Shots
Darroll Powe, Pavel Buchnevich, Brock McGinn, Brandon Prust, Alex Tuch
Scratches
Louis Leblanc (Healthy), Stephen Harper (Healthy), Emil Djuse (Healthy), Christian Thomas (Healthy), Cole Cassels (Healthy)
Jeremy Gregoire (Healthy), Connor Hurley (Healthy), Gustav Olofsson (Healthy), Andreas Johnsson (Healthy), Brett Ritchie (Healthy)
Anders Bjork (Healthy), Hunter Smith (Healthy), Jack Campbell (Healthy)
% Time on Ice - Little Stars
Lines # - Real PCT - Wanted PCT - Time Play
Normal Forward
1 - 31% - 40% - 13:07
2 - 23% - 30% - 9:47
3 - 27% - 20% - 11:26
4 - 18% - 10% - 7:29
Normal Defense
1 - 39% - 40% - 16:15
2 - 36% - 30% - 15:08
3 - 24% - 20% - 9:53
4 - 1% - 10% - 0:33
PP Forward
1 - 57% - 60% - 6:59
2 - 43% - 40% - 5:15
PP Defense
1 - 57% - 60% - 7:00
2 - 43% - 40% - 5:14
PK Forward
1 - 69% - 60% - 4:07
2 - 31% - 40% - 1:50
PK Defense
1 - 57% - 60% - 3:23
2 - 43% - 40% - 2:34
PK3 Forward
1 - 0% - 60%
2 - 0% - 40%
PK3 Defense
1 - 0% - 60%
2 - 0% - 40%
44 Forward
1 - 0% - 60%
2 - 0% - 40%
44 Defense
1 - 0% - 60%
2 - 0% - 40%
Last Minute Offensive - 0:00
Last Minute Defensive - 0:00
Total
Forward - 60:00
Defense - 60:00
|
% Time on Ice - Diables
Lines # - Real PCT - Wanted PCT - Time Play
Normal Forward
1 - 37% - 40% - 15:28
2 - 25% - 30% - 10:33
3 - 20% - 20% - 8:14
4 - 18% - 10% - 7:34
Normal Defense
1 - 40% - 40% - 16:51
2 - 31% - 30% - 12:47
3 - 21% - 20% - 8:36
4 - 9% - 10% - 3:35
PP Forward
1 - 55% - 60% - 3:15
2 - 45% - 40% - 2:42
PP Defense
1 - 53% - 60% - 3:09
2 - 47% - 40% - 2:48
PK Forward
1 - 76% - 60% - 9:19
2 - 24% - 40% - 2:55
PK Defense
1 - 57% - 60% - 7:01
2 - 43% - 40% - 5:13
PK3 Forward
1 - 0% - 60%
2 - 0% - 40%
PK3 Defense
1 - 0% - 60%
2 - 0% - 40%
44 Forward
1 - 0% - 60%
2 - 0% - 40%
44 Defense
1 - 0% - 60%
2 - 0% - 40%
Last Minute Offensive - 0:00
Last Minute Defensive - 0:00
Total
Forward - 60:00
Defense - 60:00
|
Play-by-Play
1st period
0:01 of 1st period - Dana Tyrell wins face-off versus Darroll Powe in neutral zone.
0:09 of 1st period - Snap shot by Brock McGinn.
0:09 of 1st period - Stopped by Matt Murray without a rebound.
0:10 of 1st period - Darroll Powe wins face-off versus Dana Tyrell in Little Stars zone.
0:33 of 1st period - Wrist shot by Pavel Buchnevich.
0:33 of 1st period - Stopped by Matt Murray without a rebound.
0:34 of 1st period - Frederik Gauthier wins face-off versus Evgeny Kuznetsov in Little Stars zone.
0:39 of 1st period - Snap shot by Frederik Gauthier.
0:39 of 1st period - Stopped by Matt Murray with a rebound.
0:41 of 1st period - Slapshot by Nikita Zadorov.
0:41 of 1st period - Shot Blocked by Evgeny Kuznetsov.
0:43 of 1st period - Backhand shot by Frederik Gauthier.
0:43 of 1st period - Shot Hit the Post.
0:45 of 1st period - Slapshot by Frederik Gauthier.
0:45 of 1st period - Shot Misses the Net.
1:03 of 1st period - Eric Knodel is hit by Brandon Prust and loses puck.
1:08 of 1st period - Snap shot by Mike Zigomanis.
1:08 of 1st period - Deflect By Brandon Prust.
1:08 of 1st period - Shot Blocked by Eric Knodel.
1:08 of 1st period - Puck is out of play.
1:09 of 1st period - Mark Jankowski wins face-off versus Jason Dickinson in Little Stars zone.
1:12 of 1st period - Snap shot by Mark Jankowski.
1:12 of 1st period - Shot Misses the Net.
1:20 of 1st period - Wrist shot by Jason Dickinson.
1:20 of 1st period - Stopped by Mark Visentin with a rebound.
1:22 of 1st period - Wrist shot by Daniil Tarasov.
1:22 of 1st period - Shot Hit the Post.
1:24 of 1st period - Slapshot by Reece Willcox.
1:24 of 1st period - Shot Misses the Net.
1:41 of 1st period - Wrist shot by Evgeny Kuznetsov.
1:41 of 1st period - Deflect By Zach Budish.
1:41 of 1st period - Stopped by Mark Visentin with a rebound.
1:43 of 1st period - Snap shot by Evgeny Kuznetsov.
1:43 of 1st period - Shot Misses the Net.
2:23 of 1st period - Wrist shot by Michael Mersch.
2:23 of 1st period - Stopped by Mark Visentin without a rebound.
2:24 of 1st period - Evgeny Kuznetsov wins face-off versus Frederik Gauthier in Diables zone.
2:33 of 1st period - Frederik Gauthier is hit by Adam Tambellini and loses puck.
3:14 of 1st period - Slapshot by Daniel O'regan.
3:14 of 1st period - Stopped by Mark Visentin with a rebound.
4:00 of 1st period - Snap shot by Adam Tambellini.
4:00 of 1st period - Stopped by Mark Visentin without a rebound.
4:01 of 1st period - Dana Tyrell wins face-off versus Darroll Powe in Diables zone.
4:48 of 1st period - Eric Gustafsson is hit by Sebastian Wannstrom and loses puck.
5:16 of 1st period - Wrist shot by Mark Jankowski.
5:16 of 1st period - Shot Blocked by Tucker Poolman.
5:46 of 1st period - Slapshot by Daniel O'regan.
5:46 of 1st period - Shot Misses the Net.
5:48 of 1st period - Snap shot by Anton Cederholm.
5:48 of 1st period - Shot Blocked by Brock McGinn.
5:50 of 1st period - Slapshot by Anton Cederholm.
5:50 of 1st period - Stopped by Mark Visentin with a rebound.
6:14 of 1st period - Slapshot by Alex Tuch.
6:14 of 1st period - Shot Hit the Post.
6:55 of 1st period - Snap shot by Mikko Lehtonen.
6:55 of 1st period - Deflect By Mark Jankowski.
6:55 of 1st period - Shot Misses the Net.
6:55 of 1st period - Puck is out of play.
6:56 of 1st period - Evgeny Kuznetsov wins face-off versus Frederik Gauthier in Little Stars zone.
7:09 of 1st period - Wrist shot by Evgeny Kuznetsov.
7:09 of 1st period - Stopped by Mark Visentin with a rebound.
7:11 of 1st period - Snap shot by Anton Cederholm.
7:11 of 1st period - Deflect By Adam Tambellini.
7:11 of 1st period - Shot Misses the Net.
7:11 of 1st period - Puck is out of play.
7:12 of 1st period - Dana Tyrell wins face-off versus Brock McGinn in Diables zone.
7:53 of 1st period - Minor Penalty to Sebastian Wannstrom for Interference.
7:54 of 1st period - Dana Tyrell wins face-off versus Brock McGinn in Little Stars zone.
8:27 of 1st period - Dana Tyrell is hit by Frederik Gauthier and loses puck.
9:06 of 1st period - Will Butcher is hit by Daniel O'regan and loses puck.
9:50 of 1st period - Will Butcher is hit by Scott Kosmachuck and loses puck.
9:53 of 1st period - Penalty to Sebastian Wannstrom is over, Sebastian Wannstrom is back on ice.
10:00 of 1st period - Icing by Tyler Wotherspoon.
10:01 of 1st period - Mark Jankowski wins face-off versus Jason Dickinson in Little Stars zone.
10:10 of 1st period - Slapshot by Jason Dickinson.
10:10 of 1st period - Shot Misses the Net.
10:12 of 1st period - Snap shot by Daniil Tarasov.
10:12 of 1st period - Stopped by Mark Visentin with a rebound.
10:14 of 1st period - Slapshot by Reece Willcox.
10:14 of 1st period - Deflect By Eric Gustafsson.
10:14 of 1st period - Stopped by Mark Visentin without a rebound.
10:15 of 1st period - Dana Tyrell wins face-off versus Mark Jankowski in Diables zone.
10:16 of 1st period - Snap shot by Jesse Joensuu.
10:16 of 1st period - Stopped by Mark Visentin with a rebound.
10:26 of 1st period - Wrist shot by Jesse Joensuu.
10:26 of 1st period - Shot Misses the Net.
10:42 of 1st period - Wrist shot by Darroll Powe.
10:42 of 1st period - Shot Misses the Net.
10:44 of 1st period - Snap shot by Brock McGinn.
10:44 of 1st period - Shot Misses the Net.
10:55 of 1st period - Icing by Anton Cederholm.
10:56 of 1st period - Alex Tuch wins face-off versus Daniel O'regan in Little Stars zone.
11:07 of 1st period - Snap shot by Max Domi.
11:07 of 1st period - Stopped by Matt Murray without a rebound.
11:08 of 1st period - Darroll Powe wins face-off versus Dana Tyrell in Little Stars zone.
11:17 of 1st period - Snap shot by Dana Tyrell.
11:17 of 1st period - Goal by Dana Tyrell - Little Stars : 1 - Diables : 0.
11:18 of 1st period - Darroll Powe wins face-off versus Dana Tyrell in neutral zone.
11:55 of 1st period - Snap shot by Adam Tambellini.
11:55 of 1st period - Stopped by Mark Visentin with a rebound.
12:05 of 1st period - Eric Knodel is hit by Marc-André Bourdon and loses puck.
12:24 of 1st period - Icing by Anton Cederholm.
12:25 of 1st period - Mark Jankowski wins face-off versus Daniel O'regan in Little Stars zone.
12:33 of 1st period - Minor Penalty to Eric Knodel for Slashing.
12:34 of 1st period - Dana Tyrell wins face-off versus Mike Zigomanis in Little Stars zone.
13:00 of 1st period - Pavel Buchnevich is hit by Jesse Joensuu and loses puck.
13:24 of 1st period - Patrick Wiercioch is hit by Marc-André Bourdon and loses puck.
14:33 of 1st period - Penalty to Eric Knodel is over, Eric Knodel is back on ice.
14:47 of 1st period - Snap shot by Shane Gersich.
14:47 of 1st period - Stopped by Mark Visentin with a rebound.
14:49 of 1st period - Wrist shot by Jason Dickinson.
14:49 of 1st period - Deflect By Daniil Tarasov.
14:49 of 1st period - Stopped by Mark Visentin without a rebound.
14:50 of 1st period - Daniel O'regan wins face-off versus Mark Jankowski in Diables zone.
14:51 of 1st period - Snap shot by Sebastian Wannstrom.
14:51 of 1st period - Shot Hit the Post.
14:53 of 1st period - Minor Penalty to Mikko Lehtonen for Hooking.
14:54 of 1st period - Dana Tyrell wins face-off versus Frederik Gauthier in Diables zone.
16:53 of 1st period - Penalty to Mikko Lehtonen is over, Mikko Lehtonen is back on ice.
19:27 of 1st period - Minor Penalty to Carl Gunnarsson for Tripping.
19:28 of 1st period - Jesse Joensuu wins face-off versus Frederik Gauthier in Diables zone.
19:35 of 1st period - Snap shot by Scott Kosmachuck.
19:35 of 1st period - Shot Misses the Net.
19:37 of 1st period - Slapshot by Eric Knodel.
19:37 of 1st period - Shot Misses the Net.
19:39 of 1st period - Slapshot by Eric Knodel.
19:39 of 1st period - Deflect By Scott Kosmachuck.
19:39 of 1st period - Shot Blocked by Brett Lernout.
19:39 of 1st period - Puck is out of play.
19:40 of 1st period - Dana Tyrell wins face-off versus Frederik Gauthier in Diables zone.
19:43 of 1st period - Snap shot by Scott Kosmachuck.
19:43 of 1st period - Shot Blocked by Brett Lernout.
19:45 of 1st period - Backhand shot by Scott Kosmachuck.
19:45 of 1st period - Stopped by Mark Visentin with a rebound.
19:47 of 1st period - Slapshot by Tyler Wotherspoon.
19:47 of 1st period - Goal by Tyler Wotherspoon - Little Stars : 2 - Diables : 0.
19:48 of 1st period - Darroll Powe wins face-off versus Dana Tyrell in neutral zone.
Goals for this period are 2 for Little Stars vs 0 for Diables.
Shots for this period are 16 for Little Stars vs 4 for Diables.
2nd period
0:01 of 2nd period - Dana Tyrell wins face-off versus Brock McGinn in neutral zone.
0:06 of 2nd period - Snap shot by Dana Tyrell.
0:06 of 2nd period - Stopped by Mark Visentin with a rebound.
0:14 of 2nd period - Snap shot by Jesse Joensuu.
0:14 of 2nd period - Stopped by Mark Visentin with a rebound.
0:28 of 2nd period - Snap shot by Evgeny Kuznetsov.
0:28 of 2nd period - Stopped by Mark Visentin with a rebound.
0:30 of 2nd period - Slapshot by Tyler Wotherspoon.
0:30 of 2nd period - Deflect By Zach Budish.
0:30 of 2nd period - Shot Hit the Post.
0:30 of 2nd period - Puck is out of play.
0:31 of 2nd period - Evgeny Kuznetsov wins face-off versus Frederik Gauthier in Diables zone.
0:44 of 2nd period - Snap shot by Max Domi.
0:44 of 2nd period - Shot Misses the Net.
0:50 of 2nd period - Snap shot by Frederik Gauthier.
0:50 of 2nd period - Shot Blocked by Zach Budish.
0:52 of 2nd period - Wrist shot by Nikita Zadorov.
0:52 of 2nd period - Deflect By Frederik Gauthier.
0:52 of 2nd period - Shot Blocked by Anton Cederholm.
0:52 of 2nd period - Puck is out of play.
0:53 of 2nd period - Brock McGinn wins face-off versus Dana Tyrell in Little Stars zone.
1:54 of 2nd period - Carl Gunnarsson is hit by Eric Knodel and loses puck.
2:34 of 2nd period - Evgeny Kuznetsov is hit by Brock McGinn and loses puck.
3:01 of 2nd period - Snap shot by Alex Tuch.
3:01 of 2nd period - Deflect By Frederik Gauthier.
3:01 of 2nd period - Stopped by Matt Murray with a rebound.
3:26 of 2nd period - Icing by Nikita Zadorov.
3:27 of 2nd period - Daniel O'regan wins face-off versus Brandon Prust in Diables zone.
3:40 of 2nd period - Wrist shot by Brandon Prust.
3:40 of 2nd period - Shot Blocked by Reece Willcox.
3:42 of 2nd period - Snap shot by Daniel Zaar.
3:42 of 2nd period - Stopped by Matt Murray with a rebound.
3:52 of 2nd period - Dana Tyrell is hit by Darroll Powe and loses puck.
4:30 of 2nd period - Minor Penalty to Marc-André Bourdon for Slashing.
4:31 of 2nd period - Jesse Joensuu wins face-off versus Frederik Gauthier in Diables zone.
4:42 of 2nd period - Slapshot by Jesse Joensuu.
4:42 of 2nd period - Stopped by Mark Visentin with a rebound.
4:44 of 2nd period - Wrist shot by Dana Tyrell.
4:44 of 2nd period - Shot Blocked by Carl Gunnarsson.
4:46 of 2nd period - Wrist shot by Jesse Joensuu.
4:46 of 2nd period - Shot Misses the Net.
5:51 of 2nd period - Eric Gustafsson is hit by Eric Knodel and loses puck.
6:30 of 2nd period - Penalty to Marc-André Bourdon is over, Marc-André Bourdon is back on ice.
6:37 of 2nd period - Off-side.
6:38 of 2nd period - Darroll Powe wins face-off versus Jason Dickinson in neutral zone.
6:40 of 2nd period - Off-side.
6:41 of 2nd period - Brock McGinn wins face-off versus Jason Dickinson in neutral zone.
7:47 of 2nd period - Off-side.
7:48 of 2nd period - Mark Jankowski wins face-off versus Daniel O'regan in neutral zone.
8:13 of 2nd period - Mikko Lehtonen is hit by Adam Tambellini and loses puck.
8:24 of 2nd period - Slapshot by Will Butcher.
8:24 of 2nd period - Deflect By Zach Budish.
8:24 of 2nd period - Stopped by Matt Murray with a rebound.
8:26 of 2nd period - Snap shot by Mikko Lehtonen.
8:26 of 2nd period - Shot Misses the Net.
8:28 of 2nd period - Wrist shot by Mikko Lehtonen.
8:28 of 2nd period - Shot Misses the Net.
8:42 of 2nd period - Wrist shot by Mikko Lehtonen.
8:42 of 2nd period - Shot Misses the Net.
8:44 of 2nd period - Slapshot by C.J Suess.
8:44 of 2nd period - Stopped by Matt Murray without a rebound.
8:45 of 2nd period - Darroll Powe wins face-off versus Dana Tyrell in Little Stars zone.
9:18 of 2nd period - Minor Penalty to Eric Knodel for Cross-checking.
9:19 of 2nd period - Mike Zigomanis wins face-off versus Dana Tyrell in Little Stars zone.
9:19 of 2nd period - Wrist shot by Will Butcher.
9:19 of 2nd period - Shot Blocked by Patrick Wiercioch.
9:21 of 2nd period - Snap shot by Brock McGinn.
9:21 of 2nd period - Stopped by Matt Murray with a rebound.
9:23 of 2nd period - Slapshot by Carl Gunnarsson.
9:23 of 2nd period - Stopped by Matt Murray with a rebound.
9:25 of 2nd period - Slapshot by Will Butcher.
9:25 of 2nd period - Shot Misses the Net.
9:27 of 2nd period - Slapshot by Carl Gunnarsson.
9:27 of 2nd period - Shot Blocked by Dana Tyrell.
9:29 of 2nd period - Snap shot by Brock McGinn.
9:29 of 2nd period - Shot Blocked by Patrick Wiercioch.
9:31 of 2nd period - Slapshot by Will Butcher.
9:31 of 2nd period - Stopped by Matt Murray with a rebound.
9:35 of 2nd period - Slapshot by Brock McGinn.
9:35 of 2nd period - Stopped by Matt Murray with a rebound.
10:15 of 2nd period - Wrist shot by Evgeny Kuznetsov.
10:15 of 2nd period - Stopped by Mark Visentin with a rebound.
11:18 of 2nd period - Penalty to Eric Knodel is over, Eric Knodel is back on ice.
11:33 of 2nd period - Slapshot by Patrick Wiercioch.
11:33 of 2nd period - Stopped by Mark Visentin with a rebound.
11:35 of 2nd period - Wrist shot by Reece Willcox.
11:35 of 2nd period - Shot Misses the Net.
11:41 of 2nd period - Mark Jankowski is hit by Daniil Tarasov and loses puck.
12:26 of 2nd period - Wrist shot by Daniel Zaar.
12:26 of 2nd period - Stopped by Matt Murray with a rebound.
12:40 of 2nd period - Wrist shot by Daniel O'regan.
12:40 of 2nd period - Shot Misses the Net.
12:42 of 2nd period - Snap shot by Sebastian Wannstrom.
12:42 of 2nd period - Shot Misses the Net.
12:44 of 2nd period - Slapshot by Sebastian Wannstrom.
12:44 of 2nd period - Deflect By Daniel O'regan.
12:44 of 2nd period - Stopped by Mark Visentin without a rebound.
12:45 of 2nd period - Darroll Powe wins face-off versus Evgeny Kuznetsov in Diables zone.
12:45 of 2nd period - Darroll Powe is hit by Adam Tambellini.
12:48 of 2nd period - Icing by Brock McGinn.
12:49 of 2nd period - Evgeny Kuznetsov wins face-off versus Darroll Powe in Diables zone.
13:00 of 2nd period - Snap shot by Brock McGinn.
13:00 of 2nd period - Stopped by Matt Murray without a rebound.
13:01 of 2nd period - Dana Tyrell wins face-off versus Darroll Powe in Little Stars zone.
13:01 of 2nd period - Dana Tyrell is hit by Pavel Buchnevich.
13:15 of 2nd period - Slapshot by Darroll Powe.
13:15 of 2nd period - Deflect By Patrick Wiercioch.
13:15 of 2nd period - Shot Blocked by Patrick Wiercioch.
13:15 of 2nd period - Puck is out of play.
13:16 of 2nd period - Frederik Gauthier wins face-off versus Evgeny Kuznetsov in Little Stars zone.
13:19 of 2nd period - Wrist shot by Will Butcher.
13:19 of 2nd period - Shot Blocked by Zach Budish.
14:48 of 2nd period - Snap shot by Mikko Lehtonen.
14:48 of 2nd period - Deflect By Mark Jankowski.
14:48 of 2nd period - Shot Misses the Net.
14:48 of 2nd period - Puck is out of play.
14:49 of 2nd period - Mark Jankowski wins face-off versus Dana Tyrell in Little Stars zone.
15:34 of 2nd period - Slapshot by Daniel Zaar.
15:34 of 2nd period - Shot Misses the Net.
15:54 of 2nd period - Sebastian Wannstrom is hit by Brock McGinn and loses puck.
16:09 of 2nd period - Will Butcher is hit by Daniel O'regan and loses puck.
16:38 of 2nd period - Icing by Mikko Lehtonen.
16:39 of 2nd period - Dana Tyrell wins face-off versus Mark Jankowski in Diables zone.
16:40 of 2nd period - Slapshot by Scott Kosmachuck.
16:40 of 2nd period - Stopped by Mark Visentin with a rebound.
16:50 of 2nd period - Backhand shot by Mikko Lehtonen.
16:50 of 2nd period - Stopped by Matt Murray without a rebound.
16:51 of 2nd period - Dana Tyrell wins face-off versus Darroll Powe in Little Stars zone.
17:00 of 2nd period - Wrist shot by Pavel Buchnevich.
17:00 of 2nd period - Shot Misses the Net.
17:02 of 2nd period - Backhand shot by Pavel Buchnevich.
17:02 of 2nd period - Stopped by Matt Murray without a rebound.
17:03 of 2nd period - Dana Tyrell wins face-off versus Darroll Powe in Little Stars zone.
17:14 of 2nd period - Wrist shot by Jesse Joensuu.
17:14 of 2nd period - Deflect By Dana Tyrell.
17:14 of 2nd period - Shot Misses the Net.
17:14 of 2nd period - Puck is out of play.
17:15 of 2nd period - Pavel Buchnevich wins face-off versus Dana Tyrell in Diables zone.
17:19 of 2nd period - Off-side.
17:20 of 2nd period - Dana Tyrell wins face-off versus Darroll Powe in neutral zone.
17:34 of 2nd period - Minor Penalty to Brock McGinn for Holding.
17:35 of 2nd period - Frederik Gauthier wins face-off versus Dana Tyrell in Diables zone.
18:16 of 2nd period - Slapshot by Brandon Prust.
18:16 of 2nd period - Stopped by Matt Murray with a rebound.
18:18 of 2nd period - Slapshot by Marc-André Bourdon.
18:18 of 2nd period - Stopped by Matt Murray with a rebound.
18:20 of 2nd period - Snap shot by Brandon Prust.
18:20 of 2nd period - Shot Blocked by Dana Tyrell.
19:34 of 2nd period - Penalty to Brock McGinn is over, Brock McGinn is back on ice.
19:46 of 2nd period - Tyler Wotherspoon is hit by Pavel Buchnevich and loses puck.
Goals for this period are 0 for Little Stars vs 0 for Diables.
Shots for this period are 8 for Little Stars vs 14 for Diables.
3rd period
0:01 of 3rd period - Dana Tyrell wins face-off versus Darroll Powe in neutral zone.
0:26 of 3rd period - Carl Gunnarsson is hit by Tyler Wotherspoon and loses puck.
0:31 of 3rd period - Snap shot by Adam Tambellini.
0:31 of 3rd period - Stopped by Mark Visentin with a rebound.
0:33 of 3rd period - Slapshot by Eric Knodel.
0:33 of 3rd period - Stopped by Mark Visentin with a rebound.
0:35 of 3rd period - Slapshot by Anton Cederholm.
0:35 of 3rd period - Stopped by Mark Visentin with a rebound.
0:37 of 3rd period - Snap shot by Zach Budish.
0:37 of 3rd period - Stopped by Mark Visentin with a rebound.
1:33 of 3rd period - Scott Kosmachuck is hit by Brock McGinn and loses puck.
1:52 of 3rd period - Wrist shot by Evgeny Kuznetsov.
1:52 of 3rd period - Goal by Evgeny Kuznetsov - Little Stars : 3 - Diables : 0.
1:53 of 3rd period - Dana Tyrell wins face-off versus Darroll Powe in neutral zone.
2:41 of 3rd period - Wrist shot by Brandon Prust.
2:41 of 3rd period - Shot Misses the Net.
2:47 of 3rd period - Wrist shot by Daniil Tarasov.
2:47 of 3rd period - Shot Misses the Net.
3:08 of 3rd period - C.J Suess is hit by Michael Mersch.
3:39 of 3rd period - Minor Penalty to Marc-André Bourdon for Cross-checking.
3:40 of 3rd period - Dana Tyrell wins face-off versus Frederik Gauthier in Diables zone.
5:39 of 3rd period - Penalty to Marc-André Bourdon is over, Marc-André Bourdon is back on ice.
5:40 of 3rd period - Nikita Zadorov is hit by Jesse Joensuu and loses puck.
6:13 of 3rd period - Snap shot by Sebastian Wannstrom.
6:13 of 3rd period - Stopped by Mark Visentin without a rebound.
6:14 of 3rd period - Mike Zigomanis wins face-off versus Daniel O'regan in Diables zone.
6:23 of 3rd period - Wrist shot by Daniel O'regan.
6:23 of 3rd period - Stopped by Mark Visentin with a rebound.
6:25 of 3rd period - Snap shot by Sebastian Wannstrom.
6:25 of 3rd period - Stopped by Mark Visentin with a rebound.
6:27 of 3rd period - Wrist shot by Sebastian Wannstrom.
6:27 of 3rd period - Shot Misses the Net.
6:57 of 3rd period - Off-side.
6:58 of 3rd period - Frederik Gauthier wins face-off versus Evgeny Kuznetsov in neutral zone.
7:32 of 3rd period - Wrist shot by Will Butcher.
7:32 of 3rd period - Deflect By Dana Tyrell.
7:32 of 3rd period - Stopped by Matt Murray with a rebound.
7:34 of 3rd period - Wrist shot by Darroll Powe.
7:34 of 3rd period - Shot Blocked by Patrick Wiercioch.
7:36 of 3rd period - Slapshot by Brock McGinn.
7:36 of 3rd period - Stopped by Matt Murray without a rebound.
7:37 of 3rd period - Evgeny Kuznetsov wins face-off versus Mike Zigomanis in Little Stars zone.
7:37 of 3rd period - Evgeny Kuznetsov is hit by Mike Zigomanis.
7:45 of 3rd period - Snap shot by Evgeny Kuznetsov.
7:45 of 3rd period - Shot Misses the Net.
7:47 of 3rd period - Slapshot by Evgeny Kuznetsov.
7:47 of 3rd period - Shot Misses the Net.
7:49 of 3rd period - Backhand shot by Eric Knodel.
7:49 of 3rd period - Shot Blocked by Mike Zigomanis.
8:13 of 3rd period - Wrist shot by Jesse Joensuu.
8:13 of 3rd period - Stopped by Mark Visentin without a rebound.
8:14 of 3rd period - Frederik Gauthier wins face-off versus Evgeny Kuznetsov in Diables zone.
8:16 of 3rd period - Minor Penalty to Max Domi for Hooking.
8:17 of 3rd period - Frederik Gauthier wins face-off versus Dana Tyrell in Diables zone.
8:25 of 3rd period - Slapshot by Patrick Wiercioch.
8:25 of 3rd period - Deflect By Dana Tyrell.
8:25 of 3rd period - Shot Blocked by Eric Gustafsson.
8:25 of 3rd period - Puck is out of play.
8:26 of 3rd period - Dana Tyrell wins face-off versus Frederik Gauthier in Diables zone.
8:33 of 3rd period - Wrist shot by Dana Tyrell.
8:33 of 3rd period - Stopped by Mark Visentin with a rebound.
8:51 of 3rd period - Eric Gustafsson is hit by Evgeny Kuznetsov and loses puck.
10:16 of 3rd period - Penalty to Max Domi is over, Max Domi is back on ice.
11:16 of 3rd period - Brock McGinn is hit by Eric Knodel and loses puck.
11:33 of 3rd period - Chris Bigras is hit by Jason Dickinson and loses puck.
12:11 of 3rd period - Icing by Frederik Gauthier.
12:12 of 3rd period - Jason Dickinson wins face-off versus Frederik Gauthier in Diables zone.
13:06 of 3rd period - Wrist shot by Jesse Joensuu.
13:06 of 3rd period - Stopped by Mark Visentin with a rebound.
13:18 of 3rd period - Wrist shot by Darroll Powe.
13:18 of 3rd period - Shot Misses the Net.
13:39 of 3rd period - Wrist shot by Mark Jankowski.
13:39 of 3rd period - Deflect By C.J Suess.
13:39 of 3rd period - Shot Blocked by Adam Tambellini.
13:39 of 3rd period - Puck is out of play.
13:40 of 3rd period - Mark Jankowski wins face-off versus Dana Tyrell in Little Stars zone.
14:43 of 3rd period - Wrist shot by Patrick Wiercioch.
14:43 of 3rd period - Deflect By Max Domi.
14:43 of 3rd period - Stopped by Mark Visentin with a rebound.
14:45 of 3rd period - Slapshot by Patrick Wiercioch.
14:45 of 3rd period - Stopped by Mark Visentin with a rebound.
14:47 of 3rd period - Backhand shot by Daniil Tarasov.
14:47 of 3rd period - Stopped by Mark Visentin with a rebound.
14:49 of 3rd period - Wrist shot by Daniil Tarasov.
14:49 of 3rd period - Shot Misses the Net.
14:51 of 3rd period - Slapshot by Patrick Wiercioch.
14:51 of 3rd period - Stopped by Mark Visentin with a rebound.
14:53 of 3rd period - Slapshot by Tyler Wotherspoon.
14:53 of 3rd period - Stopped by Mark Visentin with a rebound.
14:55 of 3rd period - Snap shot by Shane Gersich.
14:55 of 3rd period - Stopped by Mark Visentin with a rebound.
15:01 of 3rd period - Minor Penalty to Alex Tuch for High sticking.
15:02 of 3rd period - Scott Kosmachuck wins face-off versus Frederik Gauthier in Diables zone.
15:03 of 3rd period - Snap shot by Dana Tyrell.
15:03 of 3rd period - Shot Misses the Net.
15:15 of 3rd period - Snap shot by Jesse Joensuu.
15:15 of 3rd period - Stopped by Mark Visentin without a rebound.
15:16 of 3rd period - Dana Tyrell wins face-off versus Frederik Gauthier in Diables zone.
15:29 of 3rd period - Wrist shot by Mikko Lehtonen.
15:29 of 3rd period - Goal by Mikko Lehtonen - Little Stars : 3 - Diables : 1.
15:30 of 3rd period - Frederik Gauthier wins face-off versus Dana Tyrell in neutral zone.
16:24 of 3rd period - Icing by Dana Tyrell.
16:25 of 3rd period - Darroll Powe wins face-off versus Dana Tyrell in Little Stars zone.
16:26 of 3rd period - Slapshot by Brandon Prust.
16:26 of 3rd period - Shot Blocked by Anton Cederholm.
16:38 of 3rd period - Scott Kosmachuck is hit by Darroll Powe.
16:48 of 3rd period - Adam Tambellini is hit by Mikko Lehtonen and loses puck.
16:57 of 3rd period - Wrist shot by Mikko Lehtonen.
16:57 of 3rd period - Stopped by Matt Murray with a rebound.
17:01 of 3rd period - Penalty to Alex Tuch is over, Alex Tuch is back on ice.
17:13 of 3rd period - Snap shot by Daniel O'regan.
17:13 of 3rd period - Shot Blocked by Eric Gustafsson.
17:54 of 3rd period - Slapshot by Brandon Prust.
17:54 of 3rd period - Stopped by Matt Murray with a rebound.
17:56 of 3rd period - Snap shot by Eric Gustafsson.
17:56 of 3rd period - Deflect By Brandon Prust.
17:56 of 3rd period - Stopped by Matt Murray with a rebound.
18:40 of 3rd period - Snap shot by Darroll Powe.
18:40 of 3rd period - Shot Misses the Net.
18:42 of 3rd period - Slapshot by Pavel Buchnevich.
18:42 of 3rd period - Stopped by Matt Murray without a rebound.
18:43 of 3rd period - Jesse Joensuu wins face-off versus Mike Zigomanis in Little Stars zone.
19:08 of 3rd period - Daniel O'regan is hit by Brock McGinn and loses puck.
19:40 of 3rd period - Icing by Darroll Powe.
19:41 of 3rd period - Max Domi wins face-off versus Dana Tyrell in Diables zone.
Goals for this period are 1 for Little Stars vs 1 for Diables.
Shots for this period are 18 for Little Stars vs 7 for Diables.
Back to the Top